| TOP OF THE 1ST |
|
Victoria Capitals batting - Pitching for Amarillo ThunderHeads : RHP Erik Myers
|
|
Pitching: RHP Erik Myers
|
|
|
Batting: RHB Mike Reynolds
|
0-0: Ball 1-0: Foul Ball, location: 2F 1-1: Foul Ball, location: 2F 1-2: Foul Ball, location: 2F 1-2: Ball 2-2: Foul Ball, location: 2F 2-2: Strikes out looking
|
|
Batting: RHB Antonio Arechiga
|
0-0: Ground out 5-3 (Groundball, 56S, EV 88.8 MPH)
|
|
Batting: RHB Hyeon-cheong Lee
|
0-0: Ball 1-0: SINGLE (Line Drive, 56, EV 98.1 MPH)
|
|
Batting: SHB Rich Roberts
|
0-0: Called Strike 0-1: Ball 1-1: Ball 2-1: Ball 3-1: Ground out 4-3 (Groundball, 4, EV 82.5 MPH)
|
| Top of the 1st over - 0 runs, 1 hit, 0 errors, 1 left on base; Victoria 0 - Amarillo 0 |
| BOTTOM OF THE 1ST |
|
Amarillo ThunderHeads batting - Pitching for Victoria Capitals : RHP Jon Lima
|
|
Pitching: RHP Jon Lima
|
|
|
Batting: LHB Carlos Guajardo
|
0-0: Ball 1-0: Ground out 5-3 (Groundball, 5S, EV 93.8 MPH)
|
|
Batting: RHB Eddie Vanderjagt
|
0-0: Ground out 6-3 (Groundball, 6, EV 88.1 MPH)
|
|
Batting: RHB Bill Flannery
|
0-0: Called Strike 0-1: Fly out, F3 (Popup, 34S, EV 82.5 MPH)
|
| Bottom of the 1st over - 0 runs, 0 hits, 0 errors, 0 left on base; Victoria 0 - Amarillo 0 |
| TOP OF THE 2ND |
|
Victoria Capitals batting - Pitching for Amarillo ThunderHeads : RHP Erik Myers
|
|
Batting: LHB Willard Balcome
|
0-0: Called Strike 0-1: Ball 1-1: Foul Ball, location: 2F 1-2: Strikes out swinging
|
|
Batting: LHB Mike Jones
|
0-0: Fly out, F9 (Flyball, 9D, EV 107.5 MPH)
|
|
Batting: RHB Ray Wathey
|
0-0: Called Strike 0-1: Foul Ball, location: 2F 0-2: Strikes out looking
|
| Top of the 2nd over - 0 runs, 0 hits, 0 errors, 0 left on base; Victoria 0 - Amarillo 0 |
| BOTTOM OF THE 2ND |
|
Amarillo ThunderHeads batting - Pitching for Victoria Capitals : RHP Jon Lima
|
|
Batting: LHB Thie Hofmann
|
0-0: Ball 1-0: Foul Ball, location: 2F 1-1: Ball 2-1: Ball 3-1: SINGLE (Line Drive, 4D, EV 95.0 MPH)
|
|
Batting: LHB Mike Gruszewski
|
0-0: DOUBLE (Line Drive, 89M, EV 94.4 MPH) Thie Hofmann to third
|
|
Batting: RHB Jorge Balderama
|
0-0: Fly out, F7 (Flyball, 78M, EV 79.4 MPH) Runner from 3rd tags up, OUT at HOME! 7-2 Mike Gruszewski to third
|
|
Batting: RHB Shi-fu Cuan
|
0-0: Ball 1-0: Swinging Strike 1-1: Ball 2-1: Foul Ball, location: 2F 2-2: Ball 3-2: Foul Ball, location: 2F 3-2: Fly out, F3 (Popup, 3F, EV 58.1 MPH)
|
| Bottom of the 2nd over - 0 runs, 2 hits, 0 errors, 1 left on base; Victoria 0 - Amarillo 0 |
| TOP OF THE 3RD |
|
Victoria Capitals batting - Pitching for Amarillo ThunderHeads : RHP Erik Myers
|
|
Batting: RHB Kyung-hwan Lee
|
0-0: Ball 1-0: Ball 2-0: Called Strike 2-1: Swinging Strike 2-2: Strikes out swinging
|
|
Batting: RHB Ron Mack
|
0-0: Called Strike 0-1: Called Strike 0-2: Strikes out looking
|
|
Batting: RHB Mike Reynolds
|
0-0: Called Strike 0-1: Ball 1-1: Swinging Strike 1-2: Ball 2-2: Foul Ball, location: 2F 2-2: Strikes out swinging
|
| Top of the 3rd over - 0 runs, 0 hits, 0 errors, 0 left on base; Victoria 0 - Amarillo 0 |
| BOTTOM OF THE 3RD |
|
Amarillo ThunderHeads batting - Pitching for Victoria Capitals : RHP Jon Lima
|
|
Batting: LHB Bill Mahoney
|
0-0: SINGLE (Groundball, 4MD, EV 96.9 MPH)
|
|
Batting: RHB Adrian Quilantan
|
Pickoff Throw to First - Out! 1-3 0-0: Ball 1-0: Ball 2-0: Called Strike 2-1: Called Strike 2-2: Ball 3-2: Base on Balls
|
|
Batting: LHB Carlos Guajardo
|
0-0: Ball 1-0: Foul Ball, location: 2F 1-1: Called Strike 1-2: Strikes out swinging
|
|
Batting: RHB Eddie Vanderjagt
|
0-0: Swinging Strike 0-1: Ground out 4-3 (Groundball, 4, EV 93.1 MPH)
|
| Bottom of the 3rd over - 0 runs, 1 hit, 0 errors, 1 left on base; Victoria 0 - Amarillo 0 |
| TOP OF THE 4TH |
|
Victoria Capitals batting - Pitching for Amarillo ThunderHeads : RHP Erik Myers
|
|
Batting: RHB Antonio Arechiga
|
0-0: Ball 1-0: Swinging Strike 1-1: Foul Ball, location: 2F 1-2: Strikes out swinging
|
|
Batting: RHB Hyeon-cheong Lee
|
0-0: Foul Ball, location: 2F 0-1: Ball 1-1: Ball 2-1: Called Strike 2-2: Strikes out swinging
|
|
Batting: SHB Rich Roberts
|
0-0: Called Strike 0-1: Fly out, F8 (Flyball, 89M, EV 99.4 MPH)
|
| Top of the 4th over - 0 runs, 0 hits, 0 errors, 0 left on base; Victoria 0 - Amarillo 0 |
| BOTTOM OF THE 4TH |
|
Amarillo ThunderHeads batting - Pitching for Victoria Capitals : RHP Jon Lima
|
|
Batting: RHB Bill Flannery
|
0-0: Called Strike 0-1: Foul Ball, location: 2F 0-2: Ball 1-2: Ball 2-2: Foul Ball, location: 2F 2-2: Foul Ball, location: 2F 2-2: Single, Error in OF, E8, batter to second base (Line Drive, 6MD, EV 98.8 MPH)
|
|
Batting: LHB Thie Hofmann
|
0-0: Fly out, F9 (Flyball, 89M, EV 81.2 MPH)
|
|
Batting: LHB Mike Gruszewski
|
0-0: Fly out, F3 (Popup, 3F, EV 69.4 MPH)
|
|
Batting: RHB Jorge Balderama
|
0-0: Ball 1-0: Ball 2-0: Foul Ball, location: 2F 2-1: Fly out, F8 (Flyball, 8RXD, EV 98.8 MPH)
|
| Bottom of the 4th over - 0 runs, 1 hit, 1 error, 1 left on base; Victoria 0 - Amarillo 0 |
| TOP OF THE 5TH |
|
Victoria Capitals batting - Pitching for Amarillo ThunderHeads : RHP Erik Myers
|
|
Batting: LHB Willard Balcome
|
0-0: Ball 1-0: Ball 2-0: Foul Ball, location: 2F 2-1: Ball 3-1: Base on Balls
|
|
Batting: LHB Mike Jones
|
0-0: Foul Ball, location: 2F 0-1: Called Strike 0-2: Ball 1-2: Foul Ball, location: 2F 1-2: Strikes out looking
|
|
Batting: RHB Ray Wathey
|
0-0: Called Strike 0-1: Ball 1-1: Swinging Strike 1-2: Strikes out swinging
|
|
Batting: RHB Kyung-hwan Lee
|
0-0: Fielders Choice at 2nd, 5-4 (Groundball, 56, EV 104.4 MPH)
|
| Top of the 5th over - 0 runs, 0 hits, 0 errors, 1 left on base; Victoria 0 - Amarillo 0 |
| BOTTOM OF THE 5TH |
|
Amarillo ThunderHeads batting - Pitching for Victoria Capitals : RHP Jon Lima
|
|
Batting: RHB Shi-fu Cuan
|
0-0: Ball 1-0: Ball 2-0: Called Strike 2-1: Ball 3-1: Foul Ball, location: 2F 3-2: Foul Ball, location: 2F 3-2: Base on Balls
|
|
Batting: LHB Bill Mahoney
|
0-0: Fly out, F4 (Flyball, 34D, EV 86.2 MPH)
|
|
Batting: RHB Adrian Quilantan
|
0-0: Ball 1-0: Foul Ball, location: 2F 1-1: Ball 2-1: Grounds into double play, 5-4-3 (Groundball, 56, EV 85.0 MPH)
|
| Bottom of the 5th over - 0 runs, 0 hits, 0 errors, 0 left on base; Victoria 0 - Amarillo 0 |
| TOP OF THE 6TH |
|
Victoria Capitals batting - Pitching for Amarillo ThunderHeads : RHP Erik Myers
|
|
Batting: RHB Ron Mack
|
0-0: Ground out 4-3 (Groundball, 34, EV 90.6 MPH)
|
|
Batting: RHB Mike Reynolds
|
0-0: Called Strike 0-1: Called Strike 0-2: Ball 1-2: Strikes out swinging
|
|
Batting: RHB Antonio Arechiga
|
0-0: Swinging Strike 0-1: Ground out 6-3 (Groundball, 6S, EV 77.5 MPH)
|
| Top of the 6th over - 0 runs, 0 hits, 0 errors, 0 left on base; Victoria 0 - Amarillo 0 |
| BOTTOM OF THE 6TH |
|
Amarillo ThunderHeads batting - Pitching for Victoria Capitals : RHP Jon Lima
|
|
Batting: LHB Carlos Guajardo
|
0-0: Ball 1-0: Swinging Strike 1-1: Called Strike 1-2: Foul Ball, location: 2F 1-2: Ball 2-2: Ball 3-2: Base on Balls
|
|
Batting: RHB Eddie Vanderjagt
|
0-0: Fly out, F9 (Flyball, 9, EV 85.0 MPH)
|
|
Batting: RHB Bill Flannery
|
0-0: Ball 1-0: Ball Carlos Guajardo steals 2nd base 2-0: Intentional Walk
|
|
Batting: LHB Thie Hofmann
|
0-0: Called Strike Carlos Guajardo is caught stealing 3rd base 2-5 0-1: Ball 1-1: Ball 2-1: Swinging Strike 2-2: Foul Ball, location: 2F 2-2: Ball 3-2: 2-RUN HOME RUN (Flyball, 9D, EV 96.9 MPH), Distance : 363 ft
|
|
Batting: LHB Mike Gruszewski
|
0-0: Ground out 4-3 (Groundball, 4, EV 111.2 MPH)
|
| Bottom of the 6th over - 2 runs, 1 hit, 0 errors, 0 left on base; Victoria 0 - Amarillo 2 |
| TOP OF THE 7TH |
|
Victoria Capitals batting - Pitching for Amarillo ThunderHeads : RHP Erik Myers
|
|
Batting: RHB Hyeon-cheong Lee
|
0-0: Foul Ball, location: 2F 0-1: Called Strike 0-2: Strikes out looking
|
|
Batting: SHB Rich Roberts
|
0-0: Ball 1-0: Foul Ball, location: 2F 1-1: Called Strike 1-2: Ground out U3 (Groundball, 34, EV 97.5 MPH)
|
|
Batting: LHB Willard Balcome
|
0-0: Called Strike 0-1: Swinging Strike 0-2: Strikes out swinging
|
| Top of the 7th over - 0 runs, 0 hits, 0 errors, 0 left on base; Victoria 0 - Amarillo 2 |
| BOTTOM OF THE 7TH |
|
Amarillo ThunderHeads batting - Pitching for Victoria Capitals : RHP Jon Lima
|
|
Batting: RHB Jorge Balderama
|
0-0: Foul Ball, location: 2F 0-1: Ball 1-1: Foul Ball, location: 2F 1-2: Foul Ball, location: 2F 1-2: Strikes out looking
|
|
Batting: RHB Shi-fu Cuan
|
0-0: Swinging Strike 0-1: Ground out 5-3 (Groundball, 56D, EV 91.9 MPH)
|
|
Batting: LHB Bill Mahoney
|
0-0: Called Strike 0-1: Fly out, F9 (Flyball, 89XD, EV 90.0 MPH)
|
| Bottom of the 7th over - 0 runs, 0 hits, 0 errors, 0 left on base; Victoria 0 - Amarillo 2 |
| TOP OF THE 8TH |
|
Victoria Capitals batting - Pitching for Amarillo ThunderHeads : RHP Erik Myers
|
|
Pitching: LHP Ruben Lopez
|
|
|
Pinch Hitting: RHB Nick Ellis
|
0-0: Called Strike 0-1: Ball 1-1: Called Strike 1-2: Ball 2-2: Ball 3-2: SOLO HOME RUN (Flyball, 9D, EV 96.9 MPH), Distance : 373 ft
|
|
Pitching: RHP Neil Coutee
|
|
|
Pinch Hitting: LHB Adam Lupfer
|
0-0: Ball 1-0: Called Strike 1-1: Ball 2-1: Foul Ball, location: 2F 2-2: Ball 3-2: Ground out 4-3 (Groundball, 4, EV 105.0 MPH)
|
|
Batting: RHB Kyung-hwan Lee
|
0-0: Ball 1-0: Called Strike 1-1: Swinging Strike 1-2: Ball 2-2: Strikes out looking
|
|
Batting: RHB Roberto Medina
|
0-0: Called Strike 0-1: Ball 1-1: Foul Ball, location: 2F 1-2: Foul Ball, location: 2F 1-2: Foul Ball, location: 2F 1-2: Strikes out swinging
|
| Top of the 8th over - 1 run, 1 hit, 0 errors, 0 left on base; Victoria 1 - Amarillo 2 |
| BOTTOM OF THE 8TH |
|
Amarillo ThunderHeads batting - Pitching for Victoria Capitals : RHP Jon Lima
|
|
Now at SS: Kevin Harris
|
|
|
Now in LF: Adam Lupfer
|
|
|
Batting: RHB Adrian Quilantan
|
0-0: SINGLE (Line Drive, 7S, EV 90.0 MPH)
|
|
Batting: LHB Carlos Guajardo
|
0-0: Bunt missed! 0-1: Bunted foul 0-2: Ball 1-2: Ball 2-2: Ball 3-2: SINGLE (Line Drive, 34D, EV 102.5 MPH) Adrian Quilantan to second
|
|
Batting: RHB Eddie Vanderjagt
|
0-0: Called Strike 0-1: Foul Ball, location: 2F 0-2: Ball 1-2: Fly out, F3 (Popup, 34, EV 68.8 MPH)
|
|
Batting: RHB Bill Flannery
|
0-0: Foul Ball, location: 2F 0-1: Ball 1-1: Called Strike 1-2: Ball 2-2: SINGLE (Line Drive, 4D, EV 101.9 MPH) Adrian Quilantan to third Carlos Guajardo to second
|
|
Batting: LHB Thie Hofmann
|
0-0: Ball 1-0: Ball 2-0: Ball 3-0: Called Strike 3-1: SINGLE (Groundball, 4, EV 85.0 MPH) (infield hit) Adrian Quilantan scores Carlos Guajardo to third Bill Flannery to second
|
|
Pitching: LHP Frank White
|
|
|
Batting: LHB Mike Gruszewski
|
0-0: Called Strike 0-1: Swinging Strike 0-2: Ball 1-2: Ball 2-2: Foul Ball, location: 2F 2-2: Ball 3-2: Grounds into double play, 4-2-3 (Groundball, 34, EV 106.9 MPH)
|
| Bottom of the 8th over - 1 run, 4 hits, 0 errors, 2 left on base; Victoria 1 - Amarillo 3 |
| TOP OF THE 9TH |
|
Victoria Capitals batting - Pitching for Amarillo ThunderHeads : RHP Neil Coutee
|
|
Pitching: RHP Adam Montag
|
|
|
Pinch Hitting: LHB Yen-ti Zhu
|
0-0: Foul Ball, location: 2F 0-1: Ball 1-1: Ball 2-1: Swinging Strike 2-2: Strikes out swinging
|
|
Pinch Hitting: LHB Rick Harrison
|
0-0: Called Strike 0-1: SINGLE (Groundball, P, EV 88.8 MPH) (infield hit)
|
|
Pinch Hitting: RHB Jeremy Marin
|
0-0: Swinging Strike 0-1: Ball 1-1: Called Strike 1-2: Ball 2-2: Ball 3-2: Foul Ball, location: 2F 3-2: Grounds into double play, 6-4-3 (Groundball, 6, EV 83.1 MPH)
|
| Top of the 9th over - 0 runs, 1 hit, 0 errors, 0 left on base; Victoria 1 - Amarillo 3 |
|